Map: Prion Terraces

Players

Elazer - Winner!

  • Race: Zerg Zerg
  • League: Grandmaster

Reynor

  • Race: Zerg Zerg
  • League: Grandmaster

Event: DreamHack ROCCAT LotV Championship

VOD

Have the link to the VOD?

Description

Time

  • Played on: Nov. 26, 2015, 6:27 a.m.
  • Length: 12:35

All games in this series

Show
View Real Time Build Order
Export as new Build Order

Elazer Zerg - Winner!

Build Orders: Pool First, Zergling Baneling 

Get SALT Encoding   

  12  0:00  Drone  
  13  0:12  Overlord  
  13  0:17  Drone  
  14  0:30  Drone  
  14  0:31  Drone  
  14  0:35  Drone  
  17  0:36  Extractor  
  16  0:46  Spawning Pool  
  15  0:50  Drone  
  15  0:56  Drone  
  17  1:06  Drone  
  18  1:17  Overlord  
  18  1:33  Queen  
  18  1:34  Zergling x2  
  18  1:39  Zergling x2  
  22  1:40  Metabolic Boost  
  22  1:52  Hatchery  
  21  1:55  Zergling x2  
  22  2:04  Baneling Nest  
  22  2:06  Zergling x2  
  22  2:16  Queen  
  22  2:20  Zergling x2  
  25  2:29  Zergling x2  
  26  2:35  Zergling x2  
  26  2:40  Zergling x4  
  26  2:44  Overlord  
  28  2:49  Baneling  
  28  2:53  Zergling x2  
  28  2:54  Baneling x2  
  29  3:04  Zergling x4  
  31  3:11  Overlord  
  30  3:25  Zergling x2  
  30  3:26  Zergling x4  
  32  3:29  Baneling  
  32  3:33  Zergling x2  
  31  3:37  Zergling x4  
  31  3:43  Zergling x4  
  31  3:45  Baneling x2  
  31  3:47  Drone  
  33  3:50  Drone  
  33  3:54  Drone  
  35  3:56  Baneling  
  35  3:57  Baneling  
  35  4:09  Drone x2  
  32  4:11  Drone  
  32  4:12  Drone  
  32  4:18  Baneling x2  
  32  4:21  Zergling x2  
  32  4:22  Zergling x4  
  33  4:25  Baneling  
  33  4:28  Zergling x2  
  33  4:29  Zergling x2  
  33  4:30  Zergling x2  
  36  4:37  Overlord  
  36  4:41  Queen  
  36  4:43  Drone  
  39  4:56  Baneling x2  
  39  4:57  Baneling  
  39  4:58  Zergling x6  
  39  4:59  Zergling x4  
  42  5:06  Zergling x4  
  38  5:21  Zergling x6  
  38  5:27  Drone  
  39  5:29  Drone  
  39  5:33  Drone  
  41  5:38  Drone  
  41  5:41  Drone  
  43  5:43  Drone  
  43  5:46  Drone  
  43  5:49  Baneling x2  
  42  6:01  Drone  
  34  6:12  Zergling x8  
  34  6:14  Zergling x2  
  34  6:16  Queen x2  
  42  6:23  Zergling x2  
  42  6:24  Zergling x2  
  41  6:33  Zergling x2  
  38  6:43  Zergling x4  
  38  6:45  Zergling x2  
  41  6:51  Spine Crawler  
  41  6:52  Queen x2  
  44  7:00  Baneling  
  44  7:01  Zergling x2  
  44  7:02  Zergling x4  
  46  7:10  Baneling  
  46  7:14  Zergling x4  
  46  7:19  Zergling x2  
  47  7:23  Zergling x6  
  50  7:34  Zergling x4  
  52  7:39  Overlord x2  
  52  7:46  Overlord  
  52  7:48  Hatchery  
  43  7:51  Drone x3  
  43  7:57  Drone  
  47  7:59  Baneling  
  47  8:00  Baneling x2  
  47  8:04  Zergling x2  
  47  8:05  Zergling x10  
  51  8:12  Zergling x2  
  51  8:13  Zergling x2  
  50  8:20  Zergling x4  
  47  8:32  Zergling x4  
  47  8:33  Baneling  
  48  8:35  Baneling  
  46  8:42  Zergling x4  
  46  8:45  Baneling x4  
  46  8:50  Zergling x2  
  46  8:55  Zergling x2  
  46  9:01  Zergling x4  
  45  9:05  Queen  
  45  9:07  Zergling x2  
  46  9:15  Zergling x10  
  48  9:18  Zergling x6  
  48  9:24  Zergling x4  
  47  9:25  Baneling x4  
  47  9:28  Zergling x2  
  49  9:36  Zergling x4  
  51  9:42  Drone x5  
  56  9:51  Overlord  
  54  9:54  Drone x4  
  54  9:55  Drone  
  57  10:05  Roach Warren  
  57  10:07  Overlord  
  53  10:08  Zergling x8  
  53  10:10  Baneling x2  
  53  10:12  Drone  
  53  10:13  Extractor  
  55  10:15  Drone x3  
  55  10:18  Overlord  
  55  10:20  Extractor  
  51  10:27  Zergling x2  
  51  10:28  Baneling x4  
  50  10:30  Zergling x12  
  50  10:35  Zergling x2  
  55  10:38  Zergling x12  
  55  10:41  Queen x3  
  55  10:42  Overlord  
  67  10:47  Overlord  
  64  10:54  Drone x4  
  64  10:56  Roach x3  
  71  11:04  Roach  
  71  11:08  Roach  
  71  11:09  Roach x4  
  79  11:20  Roach x4  
  79  11:23  Overlord  
  87  11:33  Roach x4  
  87  11:36  Roach  
  97  11:46  Roach x2  
  100  11:54  Zergling x10  
  105  12:07  Ravager x2  
  105  12:08  Baneling x2  
  105  12:09  Zergling x12  
  108  12:16  Zergling x2  
  108  12:17  Zergling x6  
Show
View Real Time Build Order
Export as new Build Order

Reynor Zerg 

Build Orders: Hatch First, Zergling Baneling 

Get SALT Encoding   

  12  0:01  Drone  
  13  0:13  Overlord  
  13  0:17  Drone  
  14  0:23  Drone, Extractor  
  15  0:31  Drone  
  16  0:36  Drone  
  17  0:52  Hatchery  
  17  0:55  Drone  
  17  1:00  Extractor  
  16  1:10  Spawning Pool  
  15  1:14  Drone  
  15  1:17  Drone  
  17  1:20  Drone  
  18  1:29  Drone  
  19  1:39  Overlord  
  19  1:57  Queen  
  19  1:59  Drone  
  19  2:00  Metabolic Boost  
  22  2:03  Zergling x2  
  22  2:06  Queen  
  25  2:10  Zergling x2  
  25  2:15  Drone  
  27  2:17  Drone  
  28  2:24  Baneling Nest  
  27  2:32  Drone  
  27  2:33  Zergling x2  
  27  2:35  Drone  
  27  2:37  Zergling x2  
  31  2:44  Zergling x2  
  31  2:49  Zergling x2  
  31  2:55  Zergling x2  
  31  2:58  Zergling x2  
  33  3:06  Overlord  
  33  3:07  Baneling x2  
  33  3:08  Baneling  
  26  3:29  Zergling x4  
  26  3:30  Zergling x12  
  28  3:36  Zergling x2  
  28  3:42  Zergling x2  
  28  3:43  Queen  
  31  3:50  Zergling x2  
  31  3:53  Baneling x2  
  31  3:54  Baneling  
  27  3:56  Zergling x2  
  27  4:01  Drone  
  27  4:15  Queen  
  27  4:20  Baneling  
  27  4:22  Zergling x2  
  27  4:23  Drone  
  27  4:27  Drone  
  27  4:31  Drone  
  29  4:35  Drone  
  30  4:40  Drone  
  30  4:42  Drone  
  32  4:46  Baneling  
  32  4:48  Drone  
  32  4:50  Drone  
  34  4:56  Zergling x4  
  36  5:05  Baneling  
  36  5:06  Overlord  
  36  5:09  Overlord  
  36  5:18  Overlord  
  31  5:28  Zergling x4  
  31  5:29  Drone x4  
  31  5:34  Baneling  
  37  5:35  Drone  
  37  5:38  Drone  
  38  5:48  Spine Crawler  
  37  5:55  Zergling x2  
  36  6:04  Zergling x4  
  36  6:06  Zergling x8  
  36  6:07  Zergling x4  
  41  6:14  Queen  
  41  6:17  Zergling x2  
  33  6:20  Zergling x2  
  30  6:28  Zergling x2, Baneling  
  30  6:32  Zergling x2  
  32  6:39  Zergling x4  
  32  6:47  Baneling  
  32  6:53  Zergling x4  
  34  6:57  Baneling  
  34  7:00  Queen  
  36  7:03  Zergling x2  
  35  7:13  Zergling x4  
  35  7:16  Baneling x2  
  35  7:20  Zergling x2  
  35  7:22  Drone  
  37  7:23  Drone  
  37  7:28  Baneling  
  38  7:37  Drone x2  
  40  7:41  Baneling  
  40  7:45  Baneling  
  40  7:46  Spine Crawler  
  40  7:47  Drone  
  39  7:52  Drone  
  39  7:54  Baneling  
  39  7:55  Drone  
  40  7:59  Zergling x2  
  40  8:04  Zergling x4  
  40  8:12  Baneling x2  
  37  8:18  Zergling x8  
  37  8:20  Drone  
  37  8:23  Baneling  
  34  8:29  Drone x2  
  34  8:30  Zergling x2  
  34  8:33  Zergling x2  
  37  8:35  Drone  
  37  8:41  Zergling x2  
  37  8:43  Zergling x2  
  37  8:44  Zergling x2  
  37  8:45  Baneling x2  
  38  8:49  Zergling x4  
  38  8:52  Zergling x2  
  38  8:55  Zergling x2  
  39  9:00  Zergling x2  
  39  9:01  Baneling x2, Zergling x2  
  40  9:12  Zergling x4  
  39  9:17  Queen  
  39  9:18  Zergling x4  
  39  9:22  Drone x2  
  39  9:23  Drone  
  44  9:25  Baneling x2  
  44  9:34  Queen  
  44  9:38  Zergling x4  
  48  9:45  Baneling  
  48  9:46  Baneling  
  48  9:50  Zergling x4  
  47  9:57  Zergling x4  
  47  9:59  Zergling x4  
  49  10:00  Zergling x2  
  49  10:01  Baneling x2  
  49  10:04  Drone  
  49  10:10  Baneling  
  49  10:11  Zergling x2  
  47  10:14  Zergling x2  
  47  10:20  Baneling  
  44  10:21  Drone  
  44  10:24  Drone  
  43  10:31  Zergling x2  
  42  10:36  Zergling x4  
  42  10:37  Drone  
  42  10:40  Hatchery  
  44  10:43  Zergling x2  
  44  10:47  Zergling x2  
  44  10:56  Drone x2  
  44  10:57  Drone  
  45  11:01  Queen  
  47  11:04  Zergling x4  
  47  11:08  Zergling x2  
  49  11:18  Zergling x2  
  50  11:24  Zergling x2  
  50  11:25  Baneling, Zergling x2  
  51  11:28  Overlord  
  51  11:32  Overlord  
  51  11:38  Zergling x2  
  50  11:41  Drone  
  50  11:44  Queen  
  50  11:45  Zergling x2  
  50  11:46  Overlord, Queen  
  53  11:49  Baneling x3  
  53  11:51  Zergling x2  
  53  11:52  Zergling x2  
  53  11:54  Hatchery  
  54  11:59  Zergling x2  
  55  12:02  Spine Crawler  
  55  12:08  Zergling x4  
  53  12:09  Baneling x2  
  53  12:12  Zergling x2  
  53  12:13  Zergling x4  
  51  12:16  Zergling x2  

Tags
 
Add a new tag
Caveats
  • Supply blocks, unpowered buildings, or Contaminate may cause inaccurate times.
  • Supply counts are checked every 10 seconds.